 Dungeon Crawl Stone Soup version 0.29-a0-870-g2c972031a6 (webtiles) character file.

Game seed: 6816325825785649586

2137 concernfroge the Fighter (level 9, -12/78 HPs)
             Began as a Mummy Monk on July 17, 2022.
             Was an Initiate of Gozag.
             Mangled by Joseph
             ... wielding a +0 quarterstaff
              (22 damage)
             ... on level 7 of the Dungeon.
             The game lasted 00:22:40 (8757 turns).

concernfroge the Fighter (Mummy Monk)               Turns: 8757, Time: 00:22:41

Health: -12/78     AC: 11    Str: 24    XL:     9   Next: 9%
Magic:  9/9        EV:  7    Int:  9    God:    Gozag
Gold:   598        SH:  5    Dex: 21    Spells: 8/8 levels left

rFire   x . .      SeeInvis .   e - +0 battleaxe
rCold   + . .      Faith    .   (shield currently unavailable)
rNeg    + + +      Spirit   .   c - +1 plate armour
rPois   ∞          Reflect  +   (no helmet)
rElec   .          Harm     .   (no cloak)
rCorr   .          Rampage  .   (no gloves)
Will    +....                   (no boots)
Stlth   ..........              f - amulet of reflection
HPRegen 0.23/turn               p - +6 ring of strength
MPRegen 0.11/turn               a - +6 ring of dexterity

@: about to teleport
A: cold resistance 1, negative energy resistance 3, torment resistance 2, heat
vulnerability 1, in touch with death 1, no potions
a: Renounce Religion, Potion Petition, Call Merchant, Bribe Branch


You were on level 7 of the Dungeon.
You worshipped Gozag.
Gozag was pleased with you.
You visited 2 branches of the dungeon, and saw 8 of its levels.

You collected 598 gold pieces.

Inventory:

Hand Weapons
 e - a +0 battleaxe (weapon)
Missiles
 d - 4 silver javelins (quivered)
Armour
 c - a +1 plate armour (worn)
Jewellery
 a - a +6 ring of dexterity (right hand)
 b - a ring of willpower
 f - an amulet of reflection (around neck)
 j - an amulet of regeneration
 k - a ring of willpower
 p - a +6 ring of strength (left hand)
Wands
 q - a wand of iceblast (4)
Scrolls
 g - a scroll of vulnerability
 h - 2 scrolls of teleportation
 i - a scroll of fog
 l - a scroll of identify
 m - a scroll of amnesia
 n - a scroll of silence
 o - a scroll of immolation


   Skills:
 - Level 10.0 Fighting
 + Level 6.1(6.3) Axes
 - Level 2.4(4.5) Polearms
 - Level 2.4 Dodging
 - Level 1.5 Stealth


You had 8 spell levels left.
You didn't know any spells.
Your spell library contained the following spells:

 Spells                   Type           Power      Damage    Failure   Level
 Freeze                   Ice            0%         1d3       100%        1
 Frozen Ramparts          Ice            0%         1d2       100%        3
 Portal Projectile        Hex/Tloc       0%         N/A       100%        3
 Tukima's Dance           Hex            0%         N/A       100%        3
 Hailstorm                Conj/Ice       0%         3d3       100%        4
 Blade Hands              Tmut           Unusable   N/A       N/A         5

Dungeon Overview and Level Annotations

Branches:
Dungeon (7/15)             Temple (1/1) D:5

Altars:
Dithmenos
Gozag
Hepliaklqana
Makhleb
Nemelex Xobeh
Qazlal
Ru
Trog
Uskayaw
Vehumet
Xom
Lugonu

Annotations:
D:7 Joseph


Innate Abilities, Weirdness & Mutations

You are immune to poison.
Your flesh is cold resistant. (rC+)
You are immune to negative energy. (rN+++)
You are immune to unholy pain and torment.
You are vulnerable to heat. (rF-)
You are in touch with the powers of death.
You do not drink.


Message History

Items here: (( ))).
Okay, then.
Found 18 gold pieces.
Found an escape hatch in the ceiling.
You now have 546 gold pieces (gained 6).
Found 20 gold pieces.
Found 14 gold pieces.
You now have 564 gold pieces (gained 18).
There is an escape hatch in the ceiling here.
You now have 584 gold pieces (gained 20).
You now have 598 gold pieces (gained 14).
You see here a +0 leather armour.
Joseph, a Mercenary comes into view.
He is wielding a +0 quarterstaff and wearing a +1 leather armour of fire resistance.
Found a scroll of teleportation.
Joseph shouts!
Joseph unwields a +0 quarterstaff.
Joseph wields a +0 sling.
Joseph shoots a sling bullet.
The sling bullet barely misses you.
Okay, then.
Okay, then.
Okay, then.
You remove your ring of willpower.
You feel stronger.
p - a +6 ring of strength (left hand) Joseph drinks a potion.
Joseph seems to grow stronger.
You closely miss Joseph.
Joseph unwields a +0 sling.
Joseph wields a +0 quarterstaff.
Joseph hits you with a +0 quarterstaff!!
You slash Joseph!
Joseph is lightly wounded.
Joseph hits you with a +0 quarterstaff!!
As you read the scroll of teleportation, it crumbles to dust.
You feel strangely unstable.
Joseph tries to grin evilly.
Joseph hits you with a +0 quarterstaff!!
* * * LOW HITPOINT WARNING * * *
Okay, then.
As you read the scroll of fog, it crumbles to dust.
The scroll dissolves into smoke.
Joseph hits you with a +0 quarterstaff!!
You die...
Your body crumbles into a pile of gold.

#.#.#.# #...#.# #+# ##.##.#
#.# ......# #.# ##.####
##.## ##.###### ##...##
........####..§.§#
.#.##.........§§§#
.#.##...######.#@##########
.#.....## #.§§@........?
.####.## ##############
.####.# ......# #######


You could see Joseph (strong).

Vanquished Creatures
  A troll (D:7)
  Edmund (D:5)
  A water moccasin (D:6)
  2 black bears (D:6)
  An orc warrior (D:7)
  2 sky beasts
  An ogre (D:5)
  2 centaurs (D:6)
  A kobold brigand (D:7)
  A gnoll sergeant (D:7)
  A bullfrog (D:6)
  2 scorpions (D:4)
  A necrophage (D:5)
  A howler monkey (D:5)
  A hound (D:5)
  An orc priest (D:7)
  3 iguanas
  Natasha (thrice) (D:2)
  2 orc wizards (D:5)
  14 gnolls
  5 adders
  A shadow imp (D:7)
  4 white imps
  3 worms
  A dart slug (D:5)
  7 orcs
  7 bats
  4 endoplasms
  5 giant cockroaches
  9 goblins
  4 hobgoblins
  7 kobolds
  6 quokkas
  8 ball pythons
  7 frilled lizards
  6 rats
126 creatures vanquished.

Notes
Turn   | Place    | Note
-------+----------+-------------------------------------------
     0 | D:1      | concernfroge the Mummy Monk began the quest for the Orb.
     0 | D:1      | Reached XP level 1. HP: 18/18 MP: 1/1
   260 | D:1      | Reached XP level 2. HP: 8/24 MP: 2/2
   836 | D:1      | Reached skill level 4 in Fighting
  1249 | D:2      | Found a shadowy altar of Dithmenos.
  1322 | D:2      | Noticed Natasha
  1327 | D:2      | Noticed a crimson imp
  1328 | D:2      | Killed Natasha
  1329 | D:2      | Gained mutation: You are in touch with the powers of death.
                  | [Mummy growth]
  1329 | D:2      | Reached XP level 3. HP: 24/31 MP: 3/3
  1567 | D:2      | Reached skill level 5 in Fighting
  1567 | D:2      | Reached XP level 4. HP: 3/39 MP: 4/4
  1951 | D:2      | Noticed Natasha
  1958 | D:2      | Killed Natasha
  2125 | D:2      | Noticed Natasha
  2172 | D:2      | Killed Natasha
  2173 | D:2      | Reached XP level 5. HP: 40/46 MP: 5/5
  2691 | D:3      | Reached skill level 6 in Fighting
  2798 | D:3      | Found a hide-covered altar of Uskayaw.
  2856 | D:3      | Found a faded altar of an unknown god.
  3477 | D:4      | Reached XP level 6. HP: 27/53 MP: 6/6
  3824 | D:4      | Found a stormy altar of Qazlal.
  3935 | D:4      | Reached skill level 7 in Fighting
  4314 | D:5      | Entered Level 5 of the Dungeon
  4314 | D:5      | Noticed Edmund
  4751 | D:6      | Reached skill level 8 in Fighting
  4751 | D:6      | Reached XP level 7. HP: 26/62 MP: 7/7
  5161 | D:6      | Found a sacrificial altar of Ru.
  5178 | D:6      | Reached skill level 9 in Fighting
  5493 | D:6      | Reached XP level 8. HP: 57/72 MP: 8/8
  6115 | D:5      | Reached skill level 1 in Axes
  6120 | D:5      | Reached skill level 10 in Fighting
  6163 | D:5      | Found a staircase to the Ecumenical Temple.
  6302 | D:5      | Killed Edmund
  6636 | Temple   | Entered the Ecumenical Temple
  6678 | Temple   | Became a worshipper of Gozag Ym Sagoz the Greedy
  6703 | D:5      | Found a bloodstained altar of Trog.
  7935 | D:7      | Reached skill level 5 in Axes
  8306 | D:7      | Noticed a troll
  8316 | D:7      | Killed a troll
  8317 | D:7      | Reached XP level 9. HP: 43/78 MP: 9/9
  8742 | D:7      | Noticed Joseph
  8757 | D:7      | Mangled by Joseph

Illustrated notes

Levels and vault maps discovered:
D:1:      dpeg_arrival_snail, layout_loops_ring
D:2:      layout_basic, basic_altar, minivault_25, minmay_tromino_v4_c,
          uniq_natasha
D:3:      layout_rooms, nicolae_uskayaw_dance_hall,
          hellmonk_ecumenical_altar_heavens_door,
          nicolae_elevator_lobby_asterisk
D:4:      layout_basic, mainiacjoe_overflow_six_doors_small
D:5:      layout_basic, lemuel_round_altar, minmay_temple_entry_water_ring,
          uniq_edmund
D:6:      black_bear_nest_1, layout_basic, nicolae_ru_sacrificial_ziggurat
D:7:      layout_loops_corners, tgw_sif, minmay_misc_feat_tower, uniq_joseph
Temple:   corrupted_temple

Skill      XL: |  1  2  3  4  5  6  7  8  9 |
---------------+----------------------------+-----
Fighting       | 4 5 6 8 9 10 | 10.0
Axes           | 5 6 |  6.1
Polearms       | |  2.4
Dodging        | |  2.4
Stealth        | |  1.5

Action                   |  1- 3 |  4- 6 |  7- 9 || total
-------------------------+-------+-------+-------++-------
Melee: Battleaxe         |   104 |   173 |   148 ||   425
Evoke: Wand              |       |       |     4 ||     4
  Use: Scroll            |     6 |     3 |     7 ||    16
 Stab: Sleeping          |     1 |       |       ||     1
Armor: Scale mail        |    71 |     2 |       ||    73
       Plate armour      |       |   147 |   111 ||   258
Dodge: Dodged            |    62 |    59 |    53 ||   174
Block: Other             |     8 |    53 |    52 ||   113
       Reflection        |       |       |     2 ||     2

Table legend: (Time is in decaauts)
 A = Elapsed time spent in this place.
 B = Non-inter-level travel time spent in this place.
 C = Inter-level travel time spent in this place.
 D = Time resting spent in this place.
 E = Time spent auto-exploring this place.
 F = Levels seen in this place.
 G = Mean time per level.
                   A        B        C        D        E       F      G
               +--------+--------+--------+--------+--------+-----+--------+
         Total |   9017 |   8656 |    361 |   1813 |   5609 |   8 | 1127.1 |
       Dungeon |   8962 |   8623 |    339 |   1813 |   5583 |   7 | 1280.3 |
        Temple |     54 |     32 |     22 |      0 |     26 |   1 |   54.0 |
               +--------+--------+--------+--------+--------+-----+--------+

Top non-repeatable levels by time:
     D:6: 1690 daAuts
     D:4: 1579 daAuts
     D:2: 1329 daAuts
     D:1: 1260 daAuts
     D:5: 1255 daAuts
     D:7: 1151 daAuts
     D:3: 696 daAuts
  Temple: 54 daAuts
